 Dungeon Crawl Stone Soup version 0.29-a0-284-gf9362112df (webtiles) character file.

Game seed: 12314957050364165740

497 sammy202020 the Skirmisher (level 6, 0/57 HPs)
             Began as a Minotaur Berserker on Mar 18, 2022.
             Was a Believer of Trog.
             Slain by a hornet (1 damage)
             ... while paralysed by a hornet
             ... on level 4 of the Dungeon.
             The game lasted 00:06:00 (3311 turns).

sammy202020 the Skirmisher (Minotaur Berserker)     Turns: 3311, Time: 00:06:00

Health: 0/57       AC: 14    Str: 21    XL:     6   Next: 93%
Magic:  5/5        EV:  2    Int: 10    God:    Trog [**....]
Gold:   239        SH:  0    Dex: 13    Spells: 5/5 levels left

rFire   . . .      SeeInvis .   a - +0 hand axe
rCold   . . .      Faith    .   (no shield)
rNeg    + . .      Spirit   .   v - +0 chain mail
rPois   .          Reflect  .   (helmet restricted)
rElec   +          Harm     .   b - +0 cloak
rCorr   .          Rampage  .   (no gloves)
Will    ++...                   g - +2 pair of boots
Stlth   ..........              (no amulet)
HPRegen 1.19/turn               d - ring "Zomaah" {rElec rN+ Int+4 Dex+3}
MPRegen 0.09/turn               (no ring)

@: paralysed, strong-willed, on berserk cooldown, regenerating, slowed
A: horns 2, retaliatory headbutt
a: Renounce Religion, Berserk, Trog's Hand


You were on level 4 of the Dungeon.
You worshipped Trog.
Trog was pleased with you.
You visited 1 branch of the dungeon, and saw 4 of its levels.

You collected 239 gold pieces.

Inventory:

Hand Weapons
 a - a +0 hand axe (weapon)
 u - a +0 flail
Missiles
 c - 4 poisoned darts (quivered)
 f - 6 javelins
 q - 2 boomerangs
Armour
 b - a +0 cloak (worn)
 g - a +2 pair of boots (worn)
 v - a +0 chain mail (worn)
Jewellery
 d - the ring "Zomaah" (left hand) {rElec rN+ Int+4 Dex+3}
   (You acquired it on level 3 of the Dungeon)

   [ring of positive energy]

   Int:       It affects your intelligence (+4).
   Dex:       It affects your dexterity (+3).
   rElec:     It insulates you from electricity.
   rN:        It protects you from negative energy.
Scrolls
 i - a scroll of amnesia {unknown}
 l - 2 scrolls of fear
 m - a scroll of holy word {unknown}
 n - a scroll of teleportation
 t - a scroll of magic mapping {unknown}
Potions
 e - a potion of mutation {unknown}
 k - a potion of brilliance
 o - a potion of magic
 p - a potion of might {unknown}
 r - a potion of curing {unknown}


   Skills:
 + Level 5.7 Fighting
 + Level 5.6 Axes
 + Level 4.9 Armour
 + Level 4.4 Dodging


You had 5 spell levels left.
You didn't know any spells.
Your spell library was empty.

Dungeon Overview and Level Annotations

Branches:
Dungeon (4/15)
 Temple: D:4-7

Altars:
Hepliaklqana
Ru
Yredelemnul

Shops:
D:2 =


Innate Abilities, Weirdness & Mutations

You have a pair of horns on your head.
You reflexively headbutt those who attack you in melee.


Message History

The hound bites you but does no damage. x2
You miss the hound.
The hound is lightly wounded.
The hound bites you.
* * * LOW HITPOINT WARNING * * *
The hound bites you but does no damage.
Unknown command.
Okay, then.
Okay, then.
Okay, then.
Your skin crawls.
You feel strong-willed. The hound bites you but does no damage.
The hound closely misses you.
The hornet stings you but does no damage.
The hound barely misses you. You furiously retaliate!
You headbutt the hound, but do no damage.
The hornet stings you but does no damage.
The hornet barely misses you.
The hound pauses to sniff the ground.
The hound bites you.
* * * LOW HITPOINT WARNING * * *
You barely miss the hornet. Your headbutt misses the hornet.
You barely miss the hound. The hornet stings you.
* * * LOW HITPOINT WARNING * * *
You feel as though you will be slow longer.
The hound bites you but does no damage. The hornet stings you.
* * * LOW HITPOINT WARNING * * *
You feel as though you will be slow longer.
The hound bites you but does no damage. The hornet barely misses you.
You furiously retaliate!
You headbutt the hornet, but do no damage.
You closely miss the hound. You headbutt the hound.
The hound is heavily wounded.
You hit the hornet. The hound bites you but does no damage.
The hornet stings you.
* * * LOW HITPOINT WARNING * * *
You suddenly lose the ability to move!
The hound bites you.
* * * LOW HITPOINT WARNING * * *
The hornet stings you.
You die...

.# #.#
.######..#
........
#####......
..........
.........
........#
.......@##
.......yh#
########{##
#O.#
..####o######
.......o.....#
.............#
.............#
...#####..####


You could see a hornet, an ogre, a hound and 2 orcs.

Vanquished Creatures
  Grinder (D:4)
  A phantom (D:3)
  Crazy Yiuf (D:3)
  An iguana (D:4)
  Terence (D:3)
  7 adders
  2 worms
  5 dart slugs
  3 orcs
  3 ball pythons
  9 endoplasms
  A giant cockroach (D:3)
  4 goblins
  5 hobgoblins
  A jackal (D:3)
  4 quokkas
  5 bats
  3 frilled lizards
  10 kobolds
  4 rats
71 creatures vanquished.

Notes
Turn   | Place    | Note
-------+----------+-------------------------------------------
     0 | D:1      | sammy202020 the Minotaur Berserker began the quest for the
                  | Orb.
     0 | D:1      | Reached XP level 1. HP: 19/19 MP: 0/0
   246 | D:1      | Reached XP level 2. HP: 18/27 MP: 1/1
   817 | D:2      | Reached XP level 3. HP: 8/33 MP: 2/2
  1346 | D:2      | Found Liarum Ugic's Jewellery Emporium.
  1663 | D:2      | Reached XP level 4. HP: 41/41 MP: 3/3
  1920 | D:3      | Reached ** piety under Trog
  1987 | D:3      | Noticed a phantom
  2019 | D:3      | Killed a phantom
  2020 | D:3      | Reached XP level 5. HP: 27/47 MP: 4/4
  2192 | D:3      | Identified a scroll of acquirement
  2192 | D:3      | Acquired the ring "Zomaah" {rElec rN+ Int+4 Dex+3}
  2268 | D:3      | Found a runed translucent door.
  2269 | D:3      | Noticed Crazy Yiuf
  2687 | D:3      | Noticed Terence
  2693 | D:3      | Killed Terence
  2694 | D:3      | Reached skill level 5 in Fighting
  2694 | D:3      | Reached skill level 5 in Axes
  2919 | D:3      | Found a faded altar of an unknown god.
  2919 | D:3      | Found a basalt altar of Yredelemnul.
  2927 | D:3      | Found a hazy altar of Hepliaklqana.
  2929 | D:3      | Found a sacrificial altar of Ru.
  2931 | D:3      | Found a faded altar of an unknown god.
  3037 | D:3      | Killed Crazy Yiuf
  3275 | D:4      | Noticed Grinder
  3276 | D:4      | Paralysed by Grinder for 5 turns
  3285 | D:4      | Reached XP level 6. HP: 30/56 MP: 5/5
  3289 | D:4      | Killed Grinder
  3305 | D:4      | Noticed a hornet
  3311 | D:4      | Paralysed by a hornet for 3 turns
  3311 | D:4      | HP: 1/57 [hound (2)]
  3311 | D:4      | Slain by a hornet

Illustrated notes

Levels and vault maps discovered:
D:1:      roderic_crossed_star, layout_basic
D:2:      layout_loops_ring, serial_shops, shop
D:3:      layout_basic, chequers_temple_overflow_minitemple,
          minmay_joined_circles, uniq_terence, uniq_crazy_yiuf_cottage
D:4:      layout_basic, minmay_temple_entry_enclosed_plants,
          minmay_hollow_rounded_squares, uniq_pikel, uniq_edmund, uniq_grinder

Skill      XL: |  1  2  3  4  5  6 |
---------------+-------------------+-----
Fighting       | 4 5 |  5.7
Axes           | 4 5 |  5.6
Armour         | 3 4 |  4.9
Dodging        | 3 4 |  4.4

Action                   |  1- 3 |  4- 6 || total
-------------------------+-------+-------++-------
Melee: Hand axe          |    70 |   103 ||   173
       Headbutt          |    11 |    18 ||    29
Invok: Berserk           |       |     2 ||     2
       Trog's Hand       |       |     2 ||     2
  Use: Scroll            |       |     9 ||     9
 Stab: Sleeping          |     1 |       ||     1
Armor: Animal skin       |     5 |       ||     5
       Scale mail        |    10 |    37 ||    47
       Chain mail        |       |    25 ||    25
Dodge: Dodged            |    38 |    46 ||    84

Table legend: (Time is in decaauts)
 A = Elapsed time spent in this place.
 B = Non-inter-level travel time spent in this place.
 C = Inter-level travel time spent in this place.
 D = Time resting spent in this place.
 E = Time spent auto-exploring this place.
 F = Levels seen in this place.
 G = Mean time per level.
                   A        B        C        D        E       F      G
               +--------+--------+--------+--------+--------+-----+--------+
         Total |   3337 |   3258 |     79 |     37 |   2667 |   4 |  834.2 |
       Dungeon |   3337 |   3258 |     79 |     37 |   2667 |   4 |  834.2 |
               +--------+--------+--------+--------+--------+-----+--------+

Top non-repeatable levels by time:
     D:3: 1462 daAuts
     D:2: 1026 daAuts
     D:1: 808 daAuts
     D:4: 38 daAuts
